[Event "Titled Tuesday Blitz August 15 Late 2023"]
[White "Harriott, Tyrell"]
[Black "Francisco Guecamburu, Candela Be"]
[WhiteFideId "2086484"]
[BlackFideId "160911"]
[WhiteElo "2430"]
[BlackElo "2557"]
[Result "1-0"]
[Round "5"]
[TimeControl "180+1"]
[Date "2023.08.15"]
[WhiteClock "0:00:14"]
[BlackClock "0:00:09"]
[Board "82"]

1. d4 Nf6 2. e3 c5 3. f4 cxd4 4. exd4 g6 5. Nf3 Bg7 6. Bd3 O-O 7. O-O b6 8. f5 Bb7 9. Qe1 e6 10. fxg6 fxg6 11. Qh4 Ne4 12. Qh3 Qe7 13. c3 Na6 14. Nbd2 Nd6 15. Nb3 Nc7 16. Bh6 Bxh6 17. Qxh6 Qg7 18. Qh3 Nd5 19. Qg3 Nf4 20. Rad1 Ne4 21. Qe1 Nf6 22. Ne5 N6h5 23. Be4 Bxe4 24. Qxe4 Rae8 25. Rf3 Qh6 26. Rdf1 Qg5 27. Qc2 d6 28. Nc4 Rd8 29. Kh1 b5 30. Ne3 e5 31. Qd2 a6 32. Nc1 Qh4 33. Ne2 Nxe2 34. Qxe2 Rxf3 35. Qxf3 Qe7 36. Nd5 Qe6 37. g4 Nf4 38. Nxf4 exf4 39. Qxf4 d5 40. Rf2 Qe1+ 41. Kg2 Qe7 42. Qf3 Qe6 43. Re2 Qd6 44. Rf2 Qe7 45. Re2 Qd6 46. Re5 Qd7 47. h3 a5 48. Qf6 Rf8 49. Qe6+ Qxe6 50. Rxe6 Rd8 51. Rb6 b4 52. cxb4 axb4 53. Rxb4 Re8 54. Kf2 Rf8+ 55. Ke3 Re8+ 56. Kd3 Rf8 57. Ke2 Re8+ 58. Kf3 Rf8+ 59. Kg3 Re8 60. a4 Re3+ 61. Kg2 Re2+ 62. Kg3 Rh2 63. Kxh2 1-0


[Site "https://www.chess.com"]

[Event "Titled Tuesday Blitz August 15 Late 2023"]
[White "Grossboss19"]
[Black "Rego, Pedro Filipe"]
[BlackFideId "1904310"]
[WhiteElo "2551"]
[BlackElo "2429"]
[Result "1-0"]
[Round "5"]
[TimeControl "180+1"]
[Date "2023.08.15"]
[WhiteClock "0:00:52"]
[BlackClock "0:00:27"]
[Board "83"]

1. c4 Nf6 2. Nf3 e6 3. Nc3 d5 4. e3 c5 5. cxd5 Nxd5 6. Bc4 Nc6 7. O-O Be7 8. a3 O-O 9. Qc2 h6 10. Rd1 a6 11. Ba2 b5 12. Bb1 Nf6 13. Ne4 g6 14. Nxc5 Qd5 15. d4 Rd8 16. Bd2 Bd7 17. Ba2 Qd6 18. Nb7 Qc7 19. Nxd8 Rxd8 20. Rac1 Qb7 21. Ne5 Nxe5 22. dxe5 Ne4 23. Bb4 Bh4 24. f3 Bf2+ 25. Kh1 Bxe3 26. Qxe4 Qxe4 27. fxe4 Bxc1 28. Rxc1 Be8 29. h3 Kg7 30. Be7 Rb8 31. Bf6+ Kf8 32. b4 Rb6 33. Bd8 Rb8 34. Bc7 Rc8 35. Bd6+ 1-0


[Site "https://www.chess.com"]

[Event "Titled Tuesday Blitz August 15 Late 2023"]
[White "Vafin, Ayrat"]
[Black "Sreyas Payyappat"]
[WhiteFideId "4146530"]
[BlackFideId "46674969"]
[WhiteElo "2427"]
[BlackElo "2550"]
[Result "1-0"]
[Round "5"]
[TimeControl "180+1"]
[Date "2023.08.15"]
[WhiteClock "0:01:04"]
[BlackClock "0:00:09"]
[Board "84"]

1. Nf3 Nf6 2. g3 c5 3. Bg2 Nc6 4. d4 cxd4 5. Nxd4 g6 6. c4 Bg7 7. Nc3 O-O 8. Nc2 d6 9. O-O Be6 10. b3 Rc8 11. Bb2 Nd7 12. Ne3 Nde5 13. Qd2 f5 14. Ned5 Kh8 15. h3 Na5 16. Nb5 a6 17. Nd4 Bg8 18. Rac1 Rc5 19. Nf4 Naxc4 20. bxc4 Nxc4 21. Rxc4 Rxc4 22. Nde6 Bxe6 23. Bxg7+ 1-0


[Site "https://www.chess.com"]

[Event "Titled Tuesday Blitz August 15 Late 2023"]
[White "Bilan, Danila"]
[Black "Todorovic, Bojan"]
[WhiteFideId "24161918"]
[BlackFideId "917087"]
[WhiteElo "2547"]
[BlackElo "2412"]
[Result "0-1"]
[Round "5"]
[TimeControl "180+1"]
[Date "2023.08.15"]
[WhiteClock "0:00:11"]
[BlackClock "0:01:07"]
[Board "85"]

1. d4 g6 2. Nf3 Bg7 3. Bg5 c5 4. c3 Qb6 5. Qc1 Nc6 6. e3 d6 7. Nbd2 Nf6 8. Bc4 O-O 9. O-O Bd7 10. a4 cxd4 11. exd4 Rac8 12. Qb1 d5 13. Bd3 e6 14. b4 a6 15. Nb3 Be8 16. Nc5 Qc7 17. b5 axb5 18. axb5 Nd8 19. b6 Qd6 20. Re1 Bc6 21. Ne5 Ne4 22. Nxe4 dxe4 23. Bxe4 Bxe4 24. Qxe4 Rxc3 25. Qxb7 Nxb7 0-1


[Site "https://www.chess.com"]

[Event "Titled Tuesday Blitz August 15 Late 2023"]
[White "Shapiro, Viktor"]
[Black "Wafa, Shrook"]
[WhiteFideId "4175700"]
[BlackFideId "10609970"]
[WhiteElo "2547"]
[BlackElo "2412"]
[Result "1-0"]
[Round "5"]
[TimeControl "180+1"]
[Date "2023.08.15"]
[WhiteClock "0:01:31"]
[BlackClock "0:01:55"]
[Board "86"]

1. c4 Nc6 2. Nc3 e5 3. g3 Bb4 4. Bg2 Bxc3 5. bxc3 f5 6. d3 Nf6 7. f4 d6 8. Nf3 O-O 9. Rb1 Rb8 10. Nxe5 Nxe5 11. fxe5 dxe5 12. O-O c6 13. Bxc6 Qc7 14. Bg2 Be6 15. Qa4 Qc5+ 16. Kh1 Ng4 17. h3 Ne3 18. Rb5 Qe7 19. Bxe3 Bd7 20. Qb4 Qe8 21. Rxb7 1-0


[Site "https://www.chess.com"]

[Event "Titled Tuesday Blitz August 15 Late 2023"]
[White "subham777"]
[Black "Andrews, Todd"]
[BlackFideId "2012456"]
[WhiteElo "2537"]
[BlackElo "2410"]
[Result "1/2-1/2"]
[Round "5"]
[TimeControl "180+1"]
[Date "2023.08.15"]
[WhiteClock "0:00:05"]
[BlackClock "0:00:17"]
[Board "87"]

1. e4 c5 2. Nf3 d6 3. d4 cxd4 4. Qxd4 a6 5. Nc3 Nc6 6. Qd2 Nf6 7. b3 e6 8. Bb2 Be7 9. O-O-O O-O 10. Kb1 Qc7 11. h3 b5 12. g4 Bb7 13. g5 Nd7 14. h4 Nc5 15. Bd3 b4 16. Ne2 Rfc8 17. h5 Bf8 18. g6 fxg6 19. hxg6 h6 20. Ng3 Nxd3 21. cxd3 a5 22. Qf4 Qd7 23. Ng5 Ne5 24. Bxe5 dxe5 25. Qxe5 a4 26. Qxe6+ Qxe6 27. Nxe6 axb3 28. axb3 Rc3 29. Nxf8 Kxf8 30. Ne2 Rxb3+ 31. Kc2 Rba3 32. Kd2 Rd8 33. Nf4 Ke7 34. Rb1 b3 35. Ke3 Ba6 36. Nd5+ Kd6 37. Rhc1 Rf8 38. Rc3 Rb8 39. f4 h5 40. Nc7 Bc8 41. Nd5 Bd7 42. Kd4 h4 43. e5+ Ke6 44. Nc7+ Kf5 45. Nd5 h3 46. Ne3+ Kxg6 47. Nc4 Ra2 48. Ke4 Ra4 49. Ke3 Bf5 50. Rbxb3 Rxb3 51. Rxb3 h2 52. Rb1 Ra2 53. Rh1 Rc2 54. Nd2 Rc3 55. Rxh2 Rxd3+ 56. Ke2 Rd4 57. Rg2+ Kf7 58. Ke3 Rd3+ 59. Ke2 Rd4 60. Rf2 Ra4 61. Nf3 g6 62. Ke3 Ke7 63. Rd2 Ra3+ 64. Kf2 Ra4 65. Rd4 Ra2+ 66. Kg3 Ra3 67. Rb4 Ke6 68. Kf2 Kd5 69. Rd4+ Kc5 70. Rd6 Ra2+ 71. Kg3 Ra3 72. Kf2 Ra2+ 73. Rd2 Ra4 74. Kg3 Be4 75. Re2 Kd5 76. Ng5 Ra3+ 77. Kf2 Bf5 78. Rd2+ Kc6 79. e6 Ra7 80. Re2 Re7 81. Re5 Kd6 82. Ke3 Bxe6 83. Nxe6 Rxe6 84. Rxe6+ Kxe6 85. Kf3 Kf5 86. Kg3 g5 87. fxg5 Kxg5 1/2-1/2


[Site "https://www.chess.com"]

[Event "Titled Tuesday Blitz August 15 Late 2023"]
[White "Melikhov, Evgeny V."]
[Black "Grinev, Valeriy"]
[WhiteFideId "4122046"]
[BlackFideId "14117517"]
[WhiteElo "2409"]
[BlackElo "2532"]
[Result "1-0"]
[Round "5"]
[TimeControl "180+1"]
[Date "2023.08.15"]
[WhiteClock "0:00:10"]
[BlackClock "0:01:48"]
[Board "88"]

1. d4 Nf6 2. c4 e6 3. Nc3 Bb4 4. Qc2 O-O 5. e4 Bxc3+ 6. bxc3 c5 7. e5 Ne8 8. Nf3 d6 9. Bd3 g6 10. Bh6 Ng7 11. h4 Nc6 12. h5 cxd4 13. cxd4 dxe5 14. hxg6 f5 15. gxh7+ Kh8 16. Qd2 e4 17. Bxg7+ Kxg7 18. Qh6+ Kf7 19. Ng5+ Ke7 20. Qg7+ Kd6 21. c5+ Kd5 22. Bc2 Nxd4 23. Rd1 e5 24. h8=Q Rxh8 25. Rxh8 Qa5+ 26. Kf1 b6 27. Bb3+ Kxc5 28. Qxe5+ Kb4 29. Qxd4+ Ka3 30. Rb1 Ba6+ 31. Kg1 Rxh8 32. Qxh8 Bd3 33. Qf8+ Qb4 34. Qxb4+ Kxb4 35. Bc2+ Kc3 36. Bxd3 exd3 37. Nf3 Kc2 38. Rb3 d2 39. Nxd2 Kxd2 40. Rf3 a5 41. Rxf5 Kc3 42. Rb5 a4 43. Rxb6 a3 44. Rb3+ Kc2 45. Rxa3 Kd2 46. Rb3 Ke2 47. a3 Kd2 48. a4 Kc2 49. Rb6 Kc3 50. a5 Kc4 51. a6 Kc5 52. Rb1 Kc4 53. a7 Kc3 54. a8=Q Kc2 55. Qe4+ Kd2 56. Rb2+ Kc1 57. Qc2# 1-0


[Site "https://www.chess.com"]

[Event "Titled Tuesday Blitz August 15 Late 2023"]
[White "Santos Flores, Alberto"]
[Black "chessmateto"]
[WhiteFideId "3601234"]
[WhiteElo "2531"]
[BlackElo "2404"]
[Result "1/2-1/2"]
[Round "5"]
[TimeControl "180+1"]
[Date "2023.08.15"]
[WhiteClock "0:00:11"]
[BlackClock "0:00:11"]
[Board "89"]

1. e4 c6 2. c4 d5 3. exd5 cxd5 4. cxd5 Nf6 5. Qa4+ Bd7 6. Qb3 Qb6 7. Qxb6 axb6 8. Nc3 Na6 9. Bc4 g6 10. Nf3 Bg7 11. O-O Rc8 12. d3 O-O 13. Re1 Rfe8 14. Be3 Nc5 15. Rac1 Rcd8 16. b4 Na4 17. Nxa4 Bxa4 18. Bxb6 Rc8 19. Ne5 Nxd5 20. Bxd5 Bxe5 21. Rxc8 Rxc8 22. Bc5 Bf6 23. Bxb7 Rc7 24. Bd5 e6 25. Bc4 Bc3 26. Rc1 Bb2 27. Rb1 Ba3 28. Be3 Bc2 29. Ra1 Bxb4 30. a4 Ba5 31. h3 Rb7 32. Ra2 Rb1+ 33. Kh2 Bb3 34. Bxb3 Rxb3 35. d4 Kf8 36. Rc2 Ke7 37. Rc5 Bb6 38. Rb5 Rxb5 39. axb5 Kd6 40. Kg3 Kd5 41. Kf3 Kc4 42. Ke4 Kxb5 43. Ke5 Bd8 44. Kd6 Bh4 45. Kd7 Bf6 46. Ke8 Kc4 47. Kxf7 Bxd4 48. Bxd4 Kxd4 49. Kxe6 Kd3 50. f4 Ke4 51. g3 Kf3 52. f5 gxf5 53. Kxf5 Kxg3 54. Kg5 Kxh3 55. Kh6 Kg4 56. Kxh7 1/2-1/2


[Site "https://www.chess.com"]

[Event "Titled Tuesday Blitz August 15 Late 2023"]
[White "Kupervaser, Erez"]
[Black "Dwilewicz, Katarzyna"]
[WhiteFideId "2814587"]
[BlackFideId "1148486"]
[WhiteElo "2527"]
[BlackElo "2401"]
[Result "1-0"]
[Round "5"]
[TimeControl "180+1"]
[Date "2023.08.15"]
[WhiteClock "0:00:20"]
[BlackClock "0:00:00"]
[Board "90"]

1. e4 c5 2. Nf3 d6 3. d4 cxd4 4. Nxd4 Nf6 5. Nc3 a6 6. Bc4 Nbd7 7. Bb3 Nc5 8. Qf3 Nxb3 9. axb3 e6 10. O-O Be7 11. Qg3 O-O 12. Bh6 Ne8 13. Rad1 Kh8 14. Be3 Qc7 15. f4 b5 16. f5 b4 17. Na4 e5 18. Nf3 Bb7 19. Nb6 Rd8 20. Nc4 Qb8 21. Bb6 Rc8 22. Qe1 Nf6 23. Nfd2 Bd8 24. Bf2 a5 25. Qe2 Bc7 26. Bh4 Bd8 27. Kh1 d5 28. exd5 Bxd5 29. Bxf6 Bxf6 30. Nf3 Bxc4 31. bxc4 Qc7 32. b3 a4 33. Rd5 Rfe8 34. g4 e4 35. Nd2 1-0


[Site "https://www.chess.com"]

[Event "Titled Tuesday Blitz August 15 Late 2023"]
[White "Blackburn, Jonathan L B"]
[Black "Osmak, Yuliia"]
[WhiteFideId "1801090"]
[BlackFideId "14101602"]
[WhiteElo "2388"]
[BlackElo "2525"]
[Result "1-0"]
[Round "5"]
[TimeControl "180+1"]
[Date "2023.08.15"]
[WhiteClock "0:00:05"]
[BlackClock "0:00:43"]
[Board "91"]

1. d4 Nf6 2. c4 e6 3. Nf3 c5 4. d5 d6 5. Nc3 exd5 6. cxd5 g6 7. h3 Bg7 8. e4 O-O 9. Bd3 Nh5 10. O-O Nd7 11. Bg5 Bf6 12. Bh6 Re8 13. Be2 Ng7 14. Bf4 Ne5 15. Nxe5 Bxe5 16. Bxe5 Rxe5 17. f4 Re8 18. Bf3 f5 19. e5 dxe5 20. fxe5 Rxe5 21. Re1 Rxe1+ 22. Qxe1 a6 23. d6 Qxd6 24. Rd1 Qf8 25. Qe5 Be6 26. Bxb7 Re8 27. Bc6 Re7 28. Qxc5 Rc7 29. Qxf8+ Kxf8 30. Bd5 Bc8 31. Kf2 Ne6 32. g3 Ke7 33. Ke3 Kf6 34. Bb3 Rc6 35. h4 Nc5 36. Nd5+ Ke5 37. Bc4 Be6 38. b3 Ne4 39. Rc1 Nxg3 40. Ne7 f4+ 41. Kf3 Rd6 42. Re1+ Kf6 43. Bxe6 Rxe6 44. Nd5+ Kf7 45. Rxe6 Kxe6 46. Nxf4+ Kf5 47. Kxg3 g5 48. hxg5 Kxg5 49. b4 Kf5 50. a4 Ke4 51. b5 axb5 52. axb5 Ke5 53. b6 Kd6 54. Nd5 Kc6 55. Kh4 Kb7 56. Kh5 Kc6 57. Kh6 Kxd5 58. b7 Kc6 59. b8=Q Kc5 60. Qd8 Kc4 61. Kxh7 Kc3 62. Kg6 Kc2 63. Kf5 Kc3 64. Ke4 Kc2 65. Ke3 Kc3 66. Qc8+ Kb4 67. Kd4 Ka5 68. Qb8 Ka6 69. Kc5 Ka5 70. Qb5# 1-0


[Site "https://www.chess.com"]

[Event "Titled Tuesday Blitz August 15 Late 2023"]
[White "Grebeniuk, Semen"]
[Black "petr577"]
[WhiteFideId "14117509"]
[WhiteElo "2520"]
[BlackElo "2382"]
[Result "1-0"]
[Round "5"]
[TimeControl "180+1"]
[Date "2023.08.15"]
[WhiteClock "0:01:21"]
[BlackClock "0:00:14"]
[Board "92"]

1. d4 Nf6 2. Nf3 g6 3. Bg5 Bg7 4. c3 b6 5. Nbd2 Bb7 6. e3 O-O 7. Bd3 d6 8. O-O Nbd7 9. Qe2 h6 10. Bh4 e5 11. dxe5 dxe5 12. Ba6 Qc8 13. Bxb7 Qxb7 14. Rfd1 e4 15. Nd4 Nc5 16. N2b3 Nd3 17. Nc1 c5 18. Nxd3 exd3 19. Qf3 Qxf3 20. Nxf3 c4 21. Ne5 Rac8 22. Bxf6 Bxf6 23. Nd7 Bg7 24. Nxf8 Kxf8 25. a4 a6 26. Rab1 Ke7 27. f3 b5 28. axb5 axb5 29. Kf2 Kd6 30. e4 b4 31. cxb4 Bd4+ 32. Kg3 Kc6 33. b3 Kb5 34. bxc4+ Kxc4 35. Rbc1+ Bc3 36. Rxc3+ Kxc3 37. Rc1+ Kxb4 38. Rxc8 d2 39. Rd8 Kc3 40. Kf2 1-0


[Site "https://www.chess.com"]

[Event "Titled Tuesday Blitz August 15 Late 2023"]
[White "Yurtseven, Melih"]
[Black "Polaczek, Richard"]
[WhiteFideId "6312160"]
[BlackFideId "200026"]
[WhiteElo "2519"]
[BlackElo "2368"]
[Result "1-0"]
[Round "5"]
[TimeControl "180+1"]
[Date "2023.08.15"]
[WhiteClock "0:01:03"]
[BlackClock "0:00:00"]
[Board "93"]

1. c4 e6 2. Nc3 d5 3. e3 Nf6 4. Nf3 c6 5. b3 Bd6 6. Bb2 a6 7. g4 h6 8. Rg1 e5 9. cxd5 cxd5 10. h3 Nc6 11. d3 Qe7 12. Be2 b5 13. d4 e4 14. Nd2 Be6 15. a4 b4 16. Na2 O-O 17. h4 Nh7 18. Rc1 Nb8 19. g5 hxg5 20. hxg5 Nxg5 21. Bg4 f5 22. Bh5 Nd7 23. Bg6 Bf7 24. Qh5 Bxg6 25. Qxg6 Nh7 26. Rc6 Rf6 27. Qh5 Raf8 28. Rxa6 R8f7 29. Kd1 Nb8 30. Ra5 Qb7 31. Rb5 Qc6 32. Nxb4 Bxb4 33. Rxb4 Na6 34. Rb5 Rc7 35. Ba3 Qc2+ 36. Ke1 Nf8 37. Qd1 1-0


[Site "https://www.chess.com"]

[Event "Titled Tuesday Blitz August 15 Late 2023"]
[White "Berezin, Viktor"]
[Black "Silvestre, Christian"]
[WhiteFideId "14107872"]
[BlackFideId "30956269"]
[WhiteElo "2515"]
[BlackElo "2363"]
[Result "0-1"]
[Round "5"]
[TimeControl "180+1"]
[Date "2023.08.15"]
[WhiteClock "0:00:00"]
[BlackClock "0:00:17"]
[Board "94"]

1. g3 e5 2. Bg2 Nf6 3. c4 Bc5 4. e3 O-O 5. Nc3 Re8 6. Nge2 Bf8 7. O-O d6 8. h3 Nc6 9. d4 Bd7 10. a3 Qc8 11. Kh2 g6 12. b4 Bg7 13. Bb2 exd4 14. exd4 Bf5 15. Nf4 Ne4 16. Ncd5 h5 17. Rc1 Ne7 18. Nxe7+ Rxe7 19. Nd5 Re8 20. Ne3 Bd7 21. Ba1 Bh6 22. Qd3 Nxf2 23. Rxf2 Rxe3 24. Qf1 f5 25. d5 Qd8 26. Re1 Rxe1 27. Qxe1 Qf8 28. c5 Re8 29. Qd1 Bg7 30. Bd4 Be5 31. Bxe5 Rxe5 32. Qd4 b6 33. Rc2 Ba4 34. Rc3 Be8 35. cxb6 cxb6 36. Rc8 Kh7 37. Qc3 Re7 38. a4 Qg7 39. Qb3 Qe5 40. a5 h4 41. a6 f4 42. Bf3 hxg3+ 43. Kg2 Qe1 44. Qc2 Bb5 45. Rc4 Bxc4 46. Be4 Qxe4+ 0-1


[Site "https://www.chess.com"]

[Event "Titled Tuesday Blitz August 15 Late 2023"]
[White "Koc, Przemyslaw"]
[Black "Daianu, Cristian-Clement"]
[WhiteFideId "1109081"]
[BlackFideId "1208926"]
[WhiteElo "2510"]
[BlackElo "2347"]
[Result "0-1"]
[Round "5"]
[TimeControl "180+1"]
[Date "2023.08.15"]
[WhiteClock "0:00:08"]
[BlackClock "0:01:38"]
[Board "95"]

1. Nf3 d5 2. g3 e6 3. Bg2 f5 4. O-O Nf6 5. d4 Bd6 6. c4 c6 7. Ne5 O-O 8. Nd2 Kh8 9. Ndf3 Bd7 10. c5 Bc7 11. b4 Be8 12. Nd3 Nbd7 13. Bf4 Bh5 14. Bxc7 Qxc7 15. Nfe5 Nxe5 16. Nxe5 Nd7 17. Nxd7 Qxd7 18. f4 a5 19. a3 b5 20. cxb6 axb4 21. axb4 Qb7 22. Qd2 Qxb6 23. e3 h6 24. Ra5 Rxa5 25. bxa5 Qb5 26. Ra1 Be2 27. a6 Bc4 28. a7 Qb7 29. Qa5 Ra8 30. h4 Kh7 31. Bf3 Qb3 32. Ra3 Qb1+ 33. Kh2 Qb2+ 34. Kg1 Qb1+ 35. Kh2 Qb2+ 36. Bg2 Qb7 37. Kh3 Be2 38. Ra2 Bc4 39. Ra3 Be2 40. Kh2 Bc4 41. h5 Qb2 42. Qc3 Qxc3 43. Rxc3 Rxa7 44. Kg1 Ra1+ 45. Kh2 Ra2 46. Kh3 Be2 47. Kh4 Bg4 0-1


[Site "https://www.chess.com"]

[Event "Titled Tuesday Blitz August 15 Late 2023"]
[White "Gerbelli Neto, Eduardo"]
[Black "Aydin, Gulenay"]
[WhiteFideId "2103281"]
[BlackFideId "34557431"]
[WhiteElo "2343"]
[BlackElo "2510"]
[Result "0-1"]
[Round "5"]
[TimeControl "180+1"]
[Date "2023.08.15"]
[WhiteClock "0:00:08"]
[BlackClock "0:00:10"]
[Board "96"]

1. e4 c5 2. Nc3 d6 3. f4 Nc6 4. Nf3 Nf6 5. Bb5 g6 6. O-O Bg7 7. Bxc6+ bxc6 8. Qe1 O-O 9. Qh4 e6 10. f5 exf5 11. d3 fxe4 12. dxe4 Qe8 13. Bg5 Ba6 14. Rf2 Qe6 15. h3 Rae8 16. Re1 Nd7 17. Bf4 f6 18. Qg3 Ne5 19. b3 Re7 20. Rd2 Rd7 21. Red1 Rfd8 22. Be3 f5 23. exf5 Qxf5 24. Nh4 Qe6 25. Re1 Re8 26. Bf2 d5 27. Na4 Rde7 28. Nxc5 Qc8 29. Nxa6 Qxa6 30. Kh2 Qc8 31. Rf1 Nc4 32. Qd3 Nxd2 33. Qxd2 Be5+ 34. Kg1 Qd7 35. Qg5 Bg7 36. Bc5 Rf7 37. Nf3 Bf6 38. Qg3 Kg7 39. Rd1 Bd8 40. Bd4+ Bf6 41. Bc5 Kg8 42. Nd4 Be5 43. Qh4 Bd6 44. Bxd6 Qxd6 45. Nf3 Ref8 46. Ng5 Re7 47. Rf1 Rxf1+ 48. Kxf1 Qf6+ 49. Kg1 h5 50. Qg3 Kg7 51. Nf3 Rf7 52. Kh2 Re7 53. Nh4 Qe6 54. Nf3 Qf6 55. Nh4 Qe5 56. Nf3 Qxg3+ 57. Kxg3 Re2 58. Nd4 Rd2 59. Nxc6 Rxc2 60. Ne7 d4 61. Kf3 Rxa2 62. Ke4 Rxg2 63. Kxd4 Rg3 64. b4 Rxh3 65. Nc6 Rb3 66. Kc4 Ra3 67. b5 h4 68. Ne5 h3 69. Ng4 Rg3 70. Nh2 Rg2 71. Nf3 h2 0-1


[Site "https://www.chess.com"]

[Event "Titled Tuesday Blitz August 15 Late 2023"]
[White "Ouellet, Maili-Jade"]
[Black "Morgunov, Marc"]
[WhiteFideId "2620472"]
[BlackFideId "1640305"]
[WhiteElo "2341"]
[BlackElo "2509"]
[Result "0-1"]
[Round "5"]
[TimeControl "180+1"]
[Date "2023.08.15"]
[WhiteClock "0:00:00"]
[BlackClock "0:00:12"]
[Board "97"]

1. e4 c5 2. Nf3 d6 3. d4 cxd4 4. Nxd4 Nf6 5. Nc3 g6 6. Be2 Bg7 7. Be3 a6 8. O-O O-O 9. h3 b5 10. a3 Bb7 11. Bd3 Nbd7 12. Qf3 Rc8 13. Rfe1 Ne5 14. Qg3 Nc4 15. Bxc4 Rxc4 16. f3 Nxe4 17. Nxe4 Bxd4 18. Bxd4 Rxd4 19. b3 Qc7 20. c3 Rd3 21. Qh4 f6 22. Rad1 Bxe4 23. Qxe4 Rxd1 24. Rxd1 Rc8 25. Rd3 Qc5+ 26. Kh1 Qe5 27. Qxe5 fxe5 28. Kg1 Kf7 29. Kf2 Ke6 30. Ke3 d5 31. Kd2 g5 32. Re3 Kf5 33. Re2 h5 34. Kd3 h4 35. Rd2 e6 36. Re2 a5 37. Rd2 Kf4 38. Re2 a4 39. bxa4 bxa4 40. Rb2 Kg3 41. Rb4 Kxg2 42. Rxa4 Rc4 43. Ra6 Kxf3 44. Rxe6 e4+ 45. Kd2 g4 46. hxg4 Kxg4 47. Rg6+ Kf5 48. Rh6 Ra4 49. Rxh4 e3+ 0-1


[Site "https://www.chess.com"]

[Event "Titled Tuesday Blitz August 15 Late 2023"]
[White "Carrasco Miranda, Andres"]
[Black "Arutla, Aditya"]
[WhiteFideId "3405990"]
[BlackFideId "30961998"]
[WhiteElo "2339"]
[BlackElo "2507"]
[Result "0-1"]
[Round "5"]
[TimeControl "180+1"]
[Date "2023.08.15"]
[WhiteClock "0:00:19"]
[BlackClock "0:00:19"]
[Board "98"]

1. d4 d5 2. c4 c6 3. Nf3 Nf6 4. Qb3 dxc4 5. Qxc4 Bf5 6. Nc3 e6 7. g3 Ne4 8. Bg2 Nxc3 9. bxc3 Be7 10. O-O Nd7 11. e3 O-O 12. Qe2 Nf6 13. Nd2 c5 14. h3 Qa5 15. e4 Qxc3 16. exf5 Qxa1 17. fxe6 Qxd4 18. exf7+ Rxf7 19. Nb3 Qd7 20. Rd1 Qc7 21. Bf4 Qb6 22. Qc4 Rd8 23. Re1 Bd6 24. Bg5 Qb4 25. Qe6 Re8 26. Qxe8+ Nxe8 27. Rxe8+ Rf8 28. Bd5+ Kh8 29. Re6 c4 30. Nd4 Bc5 31. Be3 c3 32. Re4 Qb1+ 33. Kg2 c2 34. Ne6 Bxe3 35. Nxf8 c1=Q 36. Ng6+ hxg6 37. Re8+ Kh7 38. Bg8+ Kh6 39. Bd5 Qh1# 0-1


[Site "https://www.chess.com"]

[Event "Titled Tuesday Blitz August 15 Late 2023"]
[White "Peycheva, Gergana"]
[Black "Boder, Jan"]
[WhiteFideId "2916711"]
[BlackFideId "16243226"]
[WhiteElo "2506"]
[BlackElo "2327"]
[Result "1-0"]
[Round "5"]
[TimeControl "180+1"]
[Date "2023.08.15"]
[WhiteClock "0:00:10"]
[BlackClock "0:00:08"]
[Board "99"]

1. d4 Nf6 2. c4 e6 3. Nc3 Bb4 4. Qc2 b6 5. e4 c5 6. d5 exd5 7. exd5 Qe7+ 8. Ne2 O-O 9. Bd2 d6 10. O-O-O Ng4 11. Be1 a6 12. h3 Ne5 13. a3 Ba5 14. Ng3 b5 15. cxb5 axb5 16. Bxb5 Ba6 17. Bxa6 Nxa6 18. Nb5 Bxe1 19. Rhxe1 c4 20. Kb1 Rab8 21. Nf5 Qf6 22. Nfxd6 Nd3 23. Re2 Qg6 24. Nxc4 Nac5 25. a4 h5 26. Ne5 Nxe5 27. Rxe5 Qb6 28. d6 Rfd8 29. Qxc5 Qa5 30. Rxh5 Qxa4 31. Qc2 Qb4 32. Nc3 Qc4 33. Qh7+ Kf8 34. Qh8# 1-0


[Site "https://www.chess.com"]

[Event "Titled Tuesday Blitz August 15 Late 2023"]
[White "Kula, Robert"]
[Black "Hristodoulou, Panagiotis"]
[WhiteFideId "1101218"]
[BlackFideId "4214340"]
[WhiteElo "2277"]
[BlackElo "2504"]
[Result "0-1"]
[Round "5"]
[TimeControl "180+1"]
[Date "2023.08.15"]
[WhiteClock "0:00:34"]
[BlackClock "0:01:37"]
[Board "100"]

1. d4 g6 2. c4 Bg7 3. Nc3 d6 4. e4 e5 5. dxe5 dxe5 6. Qxd8+ Kxd8 7. Bg5+ f6 8. O-O-O+ Nd7 9. Be3 c6 10. f4 Kc7 11. fxe5 Nxe5 12. Nf3 Be6 13. Nxe5 fxe5 14. Bc5 Bf8 15. Bxf8 Rxf8 16. c5 Nf6 17. Be2 a5 18. Bf3 Nd7 19. Na4 Bxa2 20. Rd3 Bc4 21. Rd2 Bb5 22. Rhd1 Rd8 23. Nb6 Nxc5 24. Nd5+ cxd5 25. Rxd5 Rxd5 26. Rxd5 b6 27. Kc2 Re8 28. h4 Bc6 29. Rd2 Bxe4+ 30. Bxe4 Nxe4 31. Re2 Nc5 32. Kc3 e4 33. b4 axb4+ 34. Kxb4 Rd8 35. Kc4 Kc6 36. Rf2 b5+ 37. Kc3 Rd3+ 38. Kc2 Rg3 39. Rf6+ Kd5 40. Rf7 Rxg2+ 41. Kc3 Rg3+ 42. Kc2 b4 43. Rxh7 b3+ 44. Kb2 Rg2+ 45. Kc3 Rc2+ 46. Kb4 b2 47. h5 b1=Q+ 48. Ka5 Ra2# 0-1


[Site "https://www.chess.com"]

[Event "Titled Tuesday Blitz August 15 Late 2023"]
[White "Ardila, Oscar Humberto"]
[Black "szachmistrz2500"]
[WhiteFideId "4404742"]
[WhiteElo "2275"]
[BlackElo "2499"]
[Result "1/2-1/2"]
[Round "5"]
[TimeControl "180+1"]
[Date "2023.08.15"]
[WhiteClock "0:00:07"]
[BlackClock "0:00:11"]
[Board "101"]

1. d4 c5 2. d5 e5 3. c4 d6 4. Nc3 g6 5. e4 Bg7 6. Bd3 Ne7 7. Nge2 O-O 8. O-O a6 9. f4 exf4 10. Bxf4 Qc7 11. Qd2 Nd7 12. Kh1 Ne5 13. Rae1 Bd7 14. b3 Rab8 15. a4 Qd8 16. Bg5 Nxd3 17. Qxd3 h6 18. Bh4 g5 19. Bg3 Qc7 20. Nd1 Ng6 21. Ne3 b5 22. axb5 axb5 23. Nf5 Bxf5 24. Rxf5 Ne5 25. Qc2 bxc4 26. bxc4 Rb4 27. Bxe5 Bxe5 28. Nc1 Rb2 29. Qd1 Rb1 30. Qc2 Rfb8 31. Ref1 R8b2 32. Qa4 Rb8 33. Nd3 Rxf1+ 34. Rxf1 Bd4 35. h4 Qe7 36. e5 dxe5 37. Qc6 e4 38. d6 Qb7 39. Qxb7 Rxb7 40. Nf2 f5 41. hxg5 hxg5 42. Nh3 g4 43. Nf4 g3 44. Nh3 Kg7 45. d7 Rxd7 46. Rxf5 Bf2 47. Nxf2 gxf2 48. Rxf2 Rd1+ 49. Kh2 Rc1 50. Kg3 Rxc4 51. Rf5 Kg6 52. Rd5 Kf6 53. Kf4 Ke6 54. Rh5 Rc2 55. g4 Rg2 56. Rxc5 e3 57. Re5+ Kf6 58. Rxe3 Rg1 59. Rf3 Kg6 60. Rg3 Ra1 61. Re3 Ra4+ 62. Kg3 Kg5 63. Re5+ Kg6 64. Rb5 Ra6 65. Kh4 Kg7 66. Rg5+ Kh6 67. Rh5+ Kg6 68. Rd5 Kh6 69. g5+ Kg7 70. Kh5 Rb6 71. Rd7+ Kg8 72. Rc7 Ra6 73. g6 Ra1 74. Kg5 Rg1+ 75. Kf6 Rf1+ 76. Kg5 Rg1+ 77. Kh5 Rh1+ 78. Kg5 Rg1+ 1/2-1/2


[Site "https://www.chess.com"]

[Event "Titled Tuesday Blitz August 15 Late 2023"]
[White "De Souza, Cristiano Gomes"]
[Black "arenal72"]
[WhiteFideId "2151758"]
[WhiteElo "2265"]
[BlackElo "2496"]
[Result "0-1"]
[Round "5"]
[TimeControl "180+1"]
[Date "2023.08.15"]
[WhiteClock "0:00:35"]
[BlackClock "0:00:20"]
[Board "102"]

1. d4 d6 2. c4 e5 3. dxe5 dxe5 4. Qxd8+ Kxd8 5. Nc3 Be6 6. e4 c6 7. Be3 f6 8. O-O-O+ Nd7 9. Bd3 Kc7 10. Nge2 Bc5 11. Bxc5 Nxc5 12. b3 a5 13. Kb2 Nh6 14. f3 Nf7 15. Bc2 Rhd8 16. Rxd8 Rxd8 17. Rd1 Nd6 18. Nc1 g5 19. Nd3 Nxd3+ 20. Rxd3 b6 21. a3 h5 22. Kc1 g4 23. Kd2 Rg8 24. Ke1 gxf3 25. gxf3 Rg2 26. Rd2 Rg1+ 27. Kf2 Ra1 28. a4 h4 29. Ke3 Rg1 30. Kf2 Rh1 31. Kg2 Rc1 32. Kf2 Nf7 33. Ne2 Rh1 34. Kg2 Ra1 35. f4 Bg4 36. fxe5 fxe5 37. Kf2 Ng5 38. Nc3 Nh3+ 39. Ke3 Re1+ 40. Ne2 Nf4 41. Bd3 Kd6 42. h3 Bxe2 43. Bxe2+ Kc5 44. Kf2 Rxe2+ 45. Rxe2 Nxe2 46. Kxe2 Kb4 47. Kf3 Kxb3 48. Kg4 Kxc4 49. Kxh4 b5 50. Kg5 b4 51. h4 b3 52. h5 b2 53. h6 b1=Q 54. h7 Qh1 55. Kg6 Kb4 56. Kg7 c5 57. h8=Q Qxh8+ 58. Kxh8 c4 59. Kg7 c3 60. Kf6 c2 61. Ke6 c1=Q 62. Kxe5 Qc5+ 63. Kf6 Kxa4 64. e5 Kb4 65. e6 a4 66. e7 Qxe7+ 67. Kxe7 a3 0-1


[Site "https://www.chess.com"]